 Dungeon Crawl Stone Soup version 0.29.0-5-ge4962eb29e (webtiles) character file.

Game seed: 544323664374135089

326 edwardauron the Charlatan (level 6, 0/41 HPs)
             Began as an Octopode Artificer on Aug 29, 2022.
             Was a Plaything of Xom.
             Slain by a gnoll
             ... wielding a +0 whip
              (6 damage)
             ... on level 4 of the Dungeon.
             The game lasted 00:06:00 (4518 turns).

edwardauron the Charlatan (Octopode Artificer)      Turns: 4518, Time: 00:06:01

Health: 0/41       AC:  1    Str: 11    XL:     6   Next: 49%
Magic:  6/6        EV: 14    Int: 19    God:    Xom [...*..]
Gold:   230        SH:  4    Dex: 17    Spells: 5/5 levels left

rFire   + . .      SeeInvis .   n - +1 short sword (elec)
rCold   . . .      Faith    +   a - +0 buckler
rNeg    . . .      Spirit   .   (helmet restricted)
rPois   .          Reflect  .   e - amulet of faith
rElec   .          Harm     .   h - ring of protection from fire
rCorr   .          Rampage  .   q - +6 ring of dexterity
Will    .....                   (no ring)
Stlth   ++++......              (no ring)
HPRegen 0.13/turn               (no ring)
MPRegen 0.10/turn               (no ring)
                                (no ring)
                                (no ring)

@: unable to read
A: almost no armour, amphibious, 8 rings, camouflage 1, gelatinous body 1,
(nimble swimmer 1), tentacles, clever 1, screaming 1, inability to read after
injury 1
a: Renounce Religion


You were on level 4 of the Dungeon.
You worshipped Xom.
You were a favourite toy of Xom.
You visited 1 branch of the dungeon, and saw 4 of its levels.

You collected 230 gold pieces.

Inventory:

Hand Weapons
 n - a +1 short sword of electrocution (weapon)
Armour
 a - a +0 buckler (worn)
Jewellery
 e - an amulet of faith (around mantle)
 h - a ring of protection from fire (left tentacle)
 q - a +6 ring of dexterity (right tentacle)
Wands
 b - a wand of flame (15) (quivered)
 c - a wand of charming (24)
 d - a wand of iceblast (13)
Scrolls
 i - 2 scrolls of blinking
 l - a scroll of teleportation
 o - 3 scrolls of identify
 p - a scroll of amnesia
Potions
 g - 2 potions of might
 k - 2 potions of resistance
 m - a potion of curing


   Skills:
 + Level 2.8 Fighting
 + Level 2.0 Short Blades
 + Level 3.6 Dodging
 + Level 3.9 Stealth
 + Level 1.5 Shields
 + Level 4.5 Evocations


You had 5 spell levels left.
You didn't know any spells.
Your spell library contained the following spells:

 Spells                   Type           Power      Damage    Failure   Level
 Summon Guardian Golem    Hex/Summ       0%         N/A       63%         3
 Orb of Destruction       Conj           0%         9d5       100%        7
 Spellforged Servitor     Conj/Summ      0%         N/A       100%        7


Dungeon Overview and Level Annotations

Branches:
Dungeon (4/15)
 Temple: D:4-7

Altars:
Fedhas
Xom
Zin


Innate Abilities, Weirdness & Mutations

You cannot wear most types of armour.
You are amphibious.
You can wear up to eight rings at the same time.
Your skin changes colour to match your surroundings (Stealth+).
Your rubbery body absorbs attacks. (AC +1, EV +1)
((You are camouflaged when in or above water. (Stealth+)))
You have tentacles for arms and can constrict up to eight enemies at once.
Your mind is acute. (Int +4, Str/Dex -1)
You occasionally shout uncontrollably at your foes.
You occasionally lose the ability to read scrolls when taking damage.


Message History

A hobgoblin is nearby!
You don't have any unidentified items.
The helpless hobgoblin fails to defend itself.
You puncture the hobgoblin!
You kill the hobgoblin! "This place needs a little more atmosphere."
No target in view!
You yell at the dart slug!
A dart slug comes into view.
You hear a shout! x2
The dart slug launches a dart at you. The slug dart misses you.
The dart slug launches a dart at you. The slug dart misses you.
You hit the dart slug. You grab the dart slug.
The dart slug is heavily wounded.
You constrict the dart slug. The dart slug bites you.
You hit the dart slug.
You kill the dart slug!
Your Short Blades skill increases to level 2!
No target in view!
An ogre comes into view. It is wielding a +0 giant club.
A gnoll comes into view. It is wielding a +0 whip.
The gnoll shouts!
The ogre shouts!
You hit the ogre but do no damage. The ogre misses you.
You hit the ogre but do no damage. Your squeeze misses the ogre.
You block the ogre's attack.
You hit the ogre.
The ogre is lightly wounded.
You hit the ogre.
The ogre is moderately wounded.
The ogre hits you with a +0 giant club!!
You hit the ogre. Lightning courses through the ogre!
The ogre is almost dead.
The ogre hits you with a +0 giant club!
You feel threatened and lose the ability to read scrolls!
* * * LOW HITPOINT WARNING * * *
The gnoll hits you with a +0 whip.
You die... "What!?
That's it?"

.#.#...........
................ #.#
................#..
............##......
...................
.#..........# #...
#####.......###..###
##.......##Og..## .
###.....##.@...##...
#.......#..#°#......
#...........○†.....#
##..##....#.......##
#.#####.##..##..##
## ####### ###


You could see an ogre and a gnoll.

Vanquished Creatures
  A bullfrog (D:3)
  2 orc priests (D:4)
  Jessica (D:3)
  An orc wizard (D:4)
  Robin (D:3)
  3 adders
  2 worms (D:2)
  4 dart slugs
  4 orcs
  2 ball pythons
  5 bats
  8 endoplasms
  A giant cockroach (D:2)
  15 goblins
  11 hobgoblins
  9 kobolds
  8 quokkas
  3 frilled lizards
  21 rats
102 creatures vanquished.

Vanquished Creatures (collateral kills)
  A bat (D:3)
1 creature vanquished.

Vanquished Creatures (others)
  A plant (D:3)
1 creature vanquished.

Grand Total: 104 creatures vanquished

Notes
Turn   | Place    | Note
-------+----------+-------------------------------------------
     0 | D:1      | edwardauron the Octopode Artificer began the quest for the
                  | Orb.
     0 | D:1      | Reached XP level 1. HP: 13/13 MP: 1/1
   589 | D:1      | Reached XP level 2. HP: 17/18 MP: 2/2
  1023 | D:1      | Found a faded altar of an unknown god.
  1041 | D:1      | Prayed at the altar of an unknown god.
  1041 | D:1      | Became a worshipper of Xom of Chaos
  1056 | D:1      | Reached XP level 3. HP: 19/24 MP: 3/3
  1133 | D:1      | XOM: silly message
  1631 | D:2      | XOM: give mutation
  1631 | D:2      | Gained mutation: Your mind is acute. (Int +4, Str/Dex -1)
                  | [Xom's mischief]
  1716 | D:2      | XOM: give mutations
  1716 | D:2      | Gained mutation: Your spells are a little harder to cast,
                  | but a little more powerful. [Xom's mischief]
  1716 | D:2      | Lost mutation: Your spells are a little harder to cast, but
                  | a little more powerful. [Xom's mischief]
  1716 | D:2      | Gained mutation: You occasionally lose the ability to read
                  | scrolls when taking damage. [Xom's mischief]
  1716 | D:2      | Gained mutation: You occasionally shout uncontrollably at
                  | your foes. [Xom's mischief]
  2005 | D:2      | XOM: silly message
  2037 | D:2      | Reached XP level 4. HP: 29/29 MP: 4/4
  2308 | D:2      | XOM: god gift: scale mail {god gift}
  2716 | D:3      | Found a glowing silver altar of Zin.
  2717 | D:3      | Noticed Ijyb
  2730 | D:3      | Noticed Ijyb
  2730 | D:3      | Ijyb changed into Ijyb the bullfrog
  2730 | D:3      | XOM: polymorph Ijyb -> Ijyb the bullfrog
  2731 | D:3      | XOM: summons friendly iron imp
  2735 | D:3      | Killed Ijyb the bullfrog
  2736 | D:3      | Reached skill level 1 in Short Blades
  2736 | D:3      | Reached skill level 4 in Evocations
  2736 | D:3      | Reached XP level 5. HP: 27/35 MP: 5/5
  2905 | D:3      | Noticed Robin
  2913 | D:3      | XOM: confusion (+ monsters)
  2914 | D:3      | Killed Robin
  2932 | D:3      | XOM: chaos upgrade
  3038 | D:3      | XOM: god gift: scroll labelled TOIKYQUCYF {god gift}
  3205 | D:3      | Reached skill level 1 in Shields
  3250 | D:3      | Found a blossoming altar of Fedhas.
  3390 | D:3      | XOM: silly message
  3650 | D:3      | XOM: give mutations
  3650 | D:3      | Gained mutation: You have hidden genetic defects. [Xom's
                  | mischief]
  3650 | D:3      | Lost mutation: You have hidden genetic defects. [Xom's
                  | mischief]
  3672 | D:3      | Noticed Jessica
  3676 | D:3      | Killed Jessica
  3944 | D:3      | Reached XP level 6. HP: 40/41 MP: 6/6
  4054 | D:3      | XOM: summons 1 hostile demon
  4503 | D:4      | XOM: cloud trail
  4518 | D:4      | Slain by a gnoll

Illustrated notes

Levels and vault maps discovered:
D:1:      ncdulo_wetmaze, layout_rooms, ebering_ecumenical_altar_abandoned,
          minmay_misc_feat_encased
D:2:      kennysheep_six_static_rooms, layout_basic, minmay_tripent
D:3:      layout_basic, mainiacjoe_overflow_chevrons, fedhas_ov_isle_minmay,
          minmay_rat_hole, uniq_ijyb, uniq_robin, uniq_jessica
D:4:      layout_cave_pools, nicolae_wu_jian_wuxing_cycle, kennysheep_mini,
          nicolae_tso_besieged_by_evil, jmf_multi_god_temple2

Skill      XL: |  1  2  3  4  5  6 |
---------------+-------------------+-----
Stealth        | 2 3 |  3.9
Fighting       | 2 |  2.8
Dodging        | 3 |  3.6
Short Blades   | 1 2 |  2.0
Evocations     | 4 |  4.5
Shields        | 1 |  1.5

Action                   |  1- 3 |  4- 6 || total
-------------------------+-------+-------++-------
Melee: Unarmed           |    58 |       ||    58
       Constrict         |    28 |    31 ||    59
       Tentacles         |    18 |    21 ||    39
       Club              |     5 |       ||     5
       Dagger            |    27 |    58 ||    85
       Short sword       |       |    67 ||    67
       Punch             |       |     1 ||     1
  Use: Scroll            |    10 |     5 ||    15
       Potion            |     2 |     2 ||     4
 Stab: Sleeping          |    11 |     7 ||    18
Armor: Skin              |     8 |    14 ||    22
Dodge: Dodged            |    41 |    64 ||   105
Block: Buckler           |       |    16 ||    16
